 Dungeon Crawl Stone Soup version 0.27.1 (webtiles) character file.

Game seed: 16564587657786121008

145 AIAndy the Insei (level 5, -5/33 HPs)
             Began as an Octopode Transmuter on Aug 24, 2021.
             Killed from afar by Sigmund (11 damage)
             ... with a puff of flame
             ... on level 3 of the Dungeon.
             The game lasted 00:13:05 (3214 turns).

AIAndy the Insei (Octopode Transmuter)              Turns: 3214, Time: 00:13:06

Health: -5/33      AC:  1    Str:  9    XL:     5   Next: 27%
Magic:  7/8        EV: 13    Int: 17    God:
Gold:   69         SH:  0    Dex: 12    Spells: 5/8 levels left

rFire    . . .     SeeInvis .     - Unarmed
rCold    . . .     Faith    .   (no shield)
rNeg     . . .     Spirit   .   (helmet currently unavailable)
rPois    .         Reflect  .   (no amulet)
rElec    .         Harm     .   (no ring)
rCorr    .         Rampage  .   (no ring)
Will     .....                  (no ring)
Stlth    ++........             (no ring)
HPRegen  0.11/turn              (no ring)
MPRegen  0.11/turn              (no ring)
                                (no ring)
                                (no ring)

@: appendages (expiring), wereblooded (expiring), attractive
A: tentacle spike 3, almost no armour, amphibious, 8 rings, camouflage 1,
gelatinous body 1, (nimble swimmer 1), tentacles
a: End Transformation


You were on level 3 of the Dungeon.
One of your tentacles had grown a beastly spike.
You visited 1 branch of the dungeon, and saw 3 of its levels.

You collected 69 gold pieces.


Innate Abilities, Weirdness & Mutations

One of your tentacles has grown a beastly spike.
You cannot wear most types of armour.
You are amphibious.
You can wear up to eight rings at the same time.
Your skin changes colour to match your surroundings (Stealth+).
Your rubbery body absorbs attacks. (AC +1, EV +1)
((You are camouflaged near water. (Stealth+)))
You have tentacles for arms and can constrict up to eight enemies at once.


   Skills:
 - Level 1.0 Fighting
 - Level 2.0 Dodging
 + Level 4.6 Unarmed Combat
 - Level 2.0 Spellcasting
 + Level 4.0 Transmutations


You had 5 spell levels left.
You knew the following spells:

 Your Spells              Type           Power      Damage    Failure   Level
b - Beastly Appendage     Tmut           30%        N/A       3%          1
w - Wereblood             Tmut           15%        N/A       5%          2

Your spell library contained the following spells:

 Spells                   Type           Power      Damage    Failure   Level
 Corona                   Hex            1%         N/A       19%         1
 Spider Form              Tmut/Pois      4%         N/A       26%         3
 Ice Form                 Ice/Tmut       8%         N/A       63%         4

Inventory:

Hand Weapons
 b - a +2 dagger of freezing
Missiles
 c - 51 stones
Scrolls
 a - a scroll of vulnerability
 e - a scroll of fear
 g - a scroll of blinking
 h - a scroll of enchant armour
 i - 2 scrolls of magic mapping
 l - a scroll of identify {unknown}
Potions
 d - a potion of ambrosia {unknown}
 f - a potion of attraction
 j - a potion of lignification {unknown}
 k - a potion of flight {unknown}

Dungeon Overview and Level Annotations

Branches:
Dungeon (3/15)

Altars:

Shops:
D:1 (

Annotations:
D:3 Sigmund

###########........<).....#.,,*,,
.......@....#######.###.#..,*,,,*
############# #.#*##..#,,,*,,
**,** #..,,...,,*,,,* **,*,**
####*#)#**,,*,, **,***,**
*****#######.#####.## ,,**
**,*****,,<,................
**,***,,,,,,,,##########.########
**,*,********#.@)@......# **,**
#.########## *** #.# #.# ### #.#
..# #.# #.# #.# #.# #.# #.# #.#


You could see Sigmund.


Message History

* * * LOW HITPOINT WARNING * * *
You are too injured to fight recklessly!
You tentacle-slap the orc but do no damage.
Your grab misses the orc.
You pierce the orc.
The orc is heavily wounded.
Sigmund says, "Look into my eyes."
Sigmund barely misses you. The orc closely misses you.
You tentacle-slap the orc. Your grab misses the orc.
The orc is heavily wounded.
Sigmund barely misses you.
The orc hits you with a +1 flail of protection!
* * * LOW HITPOINT WARNING * * *
You tentacle-slap the orc. You grab the orc.
You pierce the orc, but do no damage.
The orc is severely wounded.
You howl as the wereblood boils in your veins!
Your transformation is almost over.
You constrict the orc, but do no damage.
You tentacle-slap the orc.
You feel a bit better.
You kill the orc!
Sigmund laughs darkly.
Sigmund misses you.
Your Transmutations skill increases to level 4!
Okay, then.
Okay, then.
It was a potion of attraction.
You feel attractive to monsters.
Your primal bloodlust is almost over.
Sigmund points at you and mumbles some strange words.
The puff of flame hits you!
You die...

Skill      XL: |  1  2  3  4  5 |
---------------+----------------+-----
Transmutations | 3 4 |  4.0
Unarmed Combat | 4 |  4.6
Fighting       | |  1.0
Dodging        | |  2.0
Spellcasting   | |  2.0

Action                   |  1- 3 |  4- 6 || total
-------------------------+-------+-------++-------
Melee: Unarmed           |    62 |    58 ||   120
       Tentacles         |     9 |     8 ||    17
       Constrict         |    18 |    15 ||    33
       Kick              |    11 |    14 ||    25
 Cast: Beastly Appendage |    20 |    13 ||    33
       Wereblood         |    13 |    13 ||    26
  Use: Scroll            |       |     7 ||     7
       Potion            |       |     1 ||     1
 Stab: Sleeping          |     4 |     1 ||     5
Armor: Skin              |     3 |     3 ||     6
Dodge: Dodged            |    34 |    28 ||    62

Levels and vault maps discovered:
D:1:      dpeg_arrival_shrine, layout_loops_ring, serial_bayou,
          serial_bayou_pond_e, serial_bayou_pond_a, serial_bayou_lagoon_a,
          serial_bayou_crossing, serial_shops, nicolae_shop_crystal,
          minmay_distorted
D:2:      layout_basic, kennysheep_jessica_study, uniq_jessica
D:3:      layout_loops_ring, hellmonk_ecumenical_altar_defaced_shrine,
          hex_medium, minmay_fractal_squares_5, uniq_sigmund

Notes
Turn   | Place    | Note
-------+----------+-------------------------------------------
     0 | D:1      | AIAndy the Octopode Transmuter began the quest for the Orb.
     0 | D:1      | Reached XP level 1. HP: 13/13 MP: 3/3
   261 | D:1      | Reached XP level 2. HP: 18/18 MP: 3/5
   264 | D:1      | Learned a level 2 spell: Wereblood
   501 | D:1      | Found Cussu's Weapon Shop.
  1079 | D:2      | Reached XP level 3. HP: 7/23 MP: 2/6
  1627 | D:2      | Reached skill level 3 in Transmutations
  1807 | D:2      | Noticed Jessica
  1822 | D:2      | Killed Jessica
  1823 | D:2      | Reached skill level 4 in Unarmed Combat
  1823 | D:2      | Reached XP level 4. HP: 21/28 MP: 4/7
  1899 | D:2      | Got Jessica's Guide on the Oath
  2242 | D:3      | Noticed Sigmund
  2536 | D:3      | Reached XP level 5. HP: 13/33 MP: 6/8
  2561 | D:3      | Noticed a sky beast
  3211 | D:3      | HP: 3/33 [orc (9)]
  3214 | D:3      | Reached skill level 4 in Transmutations
  3214 | D:3      | Killed from afar by Sigmund

Vanquished Creatures
  Jessica (D:2)
  3 gnolls (D:3)
  2 adders
  A worm (D:2)
  A dart slug (D:3)
  6 orcs (D:3)
  8 ball pythons
  5 endoplasms
  2 giant cockroaches
  7 goblins
  6 hobgoblins
  3 quokkas
  6 bats
  A frilled lizard (D:3)
  4 kobolds
  4 rats
60 creatures vanquished.

Table legend: (Time is in decaauts)
 A = Elapsed time spent in this place.
 B = Non-inter-level travel time spent in this place.
 C = Inter-level travel time spent in this place.
 D = Time resting spent in this place.
 E = Time spent auto-exploring this place.
 F = Levels seen in this place.
 G = Mean time per level.
                   A        B        C        D        E       F      G
               +--------+--------+--------+--------+--------+-----+--------+
         Total |   3206 |   3042 |    164 |    314 |   2152 |   3 | 1068.7 |
       Dungeon |   3206 |   3042 |    164 |    314 |   2152 |   3 | 1068.7 |
               +--------+--------+--------+--------+--------+-----+--------+

Top non-repeatable levels by time:
     D:2: 1326 daAuts
     D:1: 1011 daAuts
     D:3: 869 daAuts

Table legend:
 A = Non-vault XP
 B = Vault XP
 C = Vault XP percentage of total XP
 D = Non-vault monster count
 E = Vault monster count
 F = Vault count percentage of total count
                 A         B        C        D         E       F
            +---------+---------+-------+---------+---------+-------
      Total |     138 |      70 |  33.7 |      49 |      11 |  18.3
            +---------+---------+-------+---------+---------+-------
        D:1 |      19 |       4 |  17.4 |      12 |       2 |  14.3
        D:2 |      48 |      39 |  44.8 |      20 |       2 |   9.1
        D:3 |      71 |      27 |  27.6 |      17 |       7 |  29.2
            +---------+---------+-------+---------+---------+-------
